 Dungeon Crawl Stone Soup version 0.30-a0-782-ge64f9170bb (webtiles) character file.

Game seed: 16380988723493456106

135 Jossarian the Stinger (level 4, -24/30 HPs)
             Began as a Demonspawn Venom Mage on Feb 19, 2023.
             Killed by an exploding orc wizard (34 damage)
             ... ignited by their inner flame
             ... on level 3 of the Dungeon.
             The game lasted 00:41:55 (2137 turns).

Jossarian the Stinger (Demonspawn Venom Mage)       Turns: 2137, Time: 00:41:56

Health: -24/30     AC:  4    Str:  8    XL:     4   Next: 96%
Magic:  8/8        EV: 12    Int: 18    God:
Gold:   216        SH:  0    Dex: 14    Spells: 4/8 levels left

rFire   . . .      SeeInvis .    r - +3 dagger
rCold   . . .      Faith    .    (no shield)
rNeg    + . .      Spirit   .    u - +2 robe {rN+}
rPois   .          Reflect  .    (no helmet)
rElec   .          Harm     .    (no cloak)
rCorr   .          Rampage  .    (no gloves)
Will    .....                    (no boots)
Stlth   ++                       g - amulet of magic regeneration
HPRegen 0.25/turn                A - ring of wizardry
MPRegen 0.51/turn                (no ring)

@: no status effects
A: foul stench 1
a: no special abilities


You were on level 3 of the Dungeon.
You visited 1 branch of the dungeon, and saw 3 of its levels.

You collected 216 gold pieces.

Inventory:

Hand Weapons
 c - a +0 hand axe
 d - a +0 dagger
 f - a +0 hand axe
 h - a +0 whip
 i - a +0 sling
 l - a +0 spear
 q - a +0 flail
 r - a +3 dagger (weapon)
 t - a +0 falchion
Missiles
 k - 30 stones
 v - 2 boomerangs
Armour
 a - a +0 robe
 m - a +2 barding of stealth
 o - a +0 chain mail
 s - a +0 ring mail
 u - a +2 robe of positive energy (worn)
Jewellery
 g - an amulet of magic regeneration (around neck)
 A - a ring of wizardry (left hand)
Wands
 w - a wand of quicksilver (11)
Scrolls
 n - 2 scrolls of fear
 x - a scroll of amnesia {unknown}
Potions
 b - a potion of magic
 e - 2 potions of attraction
 j - 2 potions of curing
 p - 2 potions of might {unknown}
 z - a potion of invisibility {unknown}


   Skills:
 + Level 0.2 Fighting
 + Level 0.3 Short Blades
 + Level 2.0 Dodging
 + Level 2.1 Stealth
 + Level 0.1 Unarmed Combat
 + Level 2.9 Spellcasting
 + Level 1.3 Transmutations
 + Level 4.5 Poison Magic


You had 4 spell levels left.
You knew the following spells:

 Your Spells              Type           Power      Damage    Failure   Level
a - Sting                 Tmut/Pois      52%        1d5       1%          1
b - Poisonous Vapours     Pois/Air       20%        N/A       4%          2
c - Slow                  Hex            8%         N/A       7%          1

Your spell library contained the following spells:

 Spells                   Type           Power      Damage    Failure   Level
 Lesser Beckoning         Tloc           4%         N/A       11%         2
 Mephitic Cloud           Conj/Pois/Air  8%         N/A       11%         3
 Olgreb's Toxic Radiance  Pois           19%        N/A       11%         4
 Call Canine Familiar     Summ           2%         N/A       21%         3
 Confusing Touch          Hex            2%         N/A       21%         3
 Gell's Gravitas          Tloc           2%         N/A       21%         3
 Portal Projectile        Hex/Tloc       4%         N/A       21%         3
 Teleport Other           Tloc           2%         N/A       21%         3
 Vampiric Draining        Necr           2%         2d6       21%         3
 Leda's Liquefaction      Hex/Erth       1%         N/A       52%         4


Dungeon Overview and Level Annotations

Branches:
Dungeon (3/15)

Altars:

Shops:
D:1 =


Innate Abilities, Weirdness & Mutations

You may rarely emit foul miasma when damaged in melee.


Message History

Casting: Poisonous Vapours (safe; 4% risk of failure)
Confirm with . or Enter, or press ? or * to list all spells.
You can't see any susceptible monsters within range! (Use Z to cast anyway.)
Casting: Poisonous Vapours (safe; 4% risk of failure)
Confirm with . or Enter, or press ? or * to list all spells.
You don't know that spell.
Unknown command.
Casting: Poisonous Vapours (safe; 4% risk of failure)
Confirm with . or Enter, or press ? or * to list all spells.
Okay, then.
Casting: Poisonous Vapours (safe; 4% risk of failure)
Confirm with . or Enter, or press ? or * to list all spells.
You can't see any susceptible monsters within range! (Use Z to cast anyway.)
Casting: Poisonous Vapours (safe; 4% risk of failure)
Confirm with . or Enter, or press ? or * to list all spells.
You don't know that spell.
You miss something. Something hits you.
You hit something.
You hear some strange, mumbled words.
Something tries to affect you, but you resist.
You hit something. Something hits you but does no damage.
You hit something but do no damage. Something hits you.
You closely miss something.
You hear some strange, mumbled words.
A puff of flame appears from out of thin air!
The puff of flame hits you.
* * * LOW HITPOINT WARNING * * *
As you read the scroll of immolation, it crumbles to dust.
The creatures around you are filled with an inner flame!
Something hits you.
* * * LOW HITPOINT WARNING * * *
You feel better. Something hits you but does no damage.
You miss something. Something hits you.
You emit a cloud of foul miasma!
You barely miss something.
Reactivating autopickup.
You feel a bit more experienced.
The orc wizard explodes!
The fiery explosion engulfs you!!
Ouch! That really hurt!
You die...

### #.# #.. #.#
################### #.#
##.........§§§.....#######.#
.......)...@§§...........#.#
###+#######§####..#.####.#.#
##.....###.#.# #.#.#
##.....####...# #.#)#
##..†..###.#...# #.#.#
##.....###..#.### #.#.#
#.....###...'o# #.#.#
###†####....#.# #.#.#
#.....#.....#.# #.#.#


There were no monsters in sight!

Vanquished Creatures
  An orc priest (D:3)
  Jessica (D:3)
  An orc wizard (D:3)
  A gnoll (D:1)
  2 adders
  A worm (D:2)
  2 dart slugs
  An orc (D:3)
  4 endoplasms
  A giant cockroach (D:3)
  5 goblins
  6 hobgoblins
  2 jackals (D:2)
  2 quokkas
  4 ball pythons
  3 bats
  3 frilled lizards
  3 kobolds (D:1)
  A rat (D:2)
44 creatures vanquished.

Notes
Turn   | Place    | Note
-------+----------+-------------------------------------------
     0 | D:1      | Jossarian the Demonspawn Venom Mage began the quest for the
                  | Orb.
     0 | D:1      | Reached XP level 1. HP: 13/13 MP: 3/3
    90 | D:1      | Reached skill level 1 in Transmutations
   294 | D:1      | Gained mutation: You may rarely emit foul miasma when
                  | damaged in melee. [demonic ancestry]
   294 | D:1      | Reached XP level 2. HP: 19/19 MP: 5/5
   340 | D:1      | Found Acrise's Jewellery Emporium.
   644 | D:1      | Reached XP level 3. HP: 19/24 MP: 6/6
  1597 | D:2      | Reached skill level 4 in Poison Magic
  1934 | D:3      | Noticed Jessica
  1938 | D:3      | Killed Jessica
  1939 | D:3      | Reached XP level 4. HP: 30/30 MP: 5/8
  2067 | D:3      | Learned a level 2 spell: Poisonous Vapours
  2069 | D:3      | Learned a level 1 spell: Slow
  2137 | D:3      | Killed by an exploding orc wizard... ignited by their inner
                  | flame

Illustrated notes

Levels and vault maps discovered:
D:1:      heliophobic_arrival_ceremonial_halls, layout_basic, serial_shops,
          nicolae_shop_advertising_works [nicolae_subvault_shop_adworks],
          minmay_hexomino_u4
D:2:      layout_loops_corners
D:3:      layout_basic, minmay_quadrilaterals, uniq_natasha, uniq_jessica,
          uniq_grinder

Skill      XL: |  1  2  3 |
---------------+----------+-----
Transmutations | 1 |  1.3
Stealth        | 2 |  2.1
Poison Magic   | 4 |  4.5
Dodging        | 2 |  2.0
Fighting       | |  0.2
Short Blades   | |  0.3
Unarmed Combat | |  0.1
Spellcasting   | |  2.9

Action                     |  1- 3 |  4- 6 || total
---------------------------+-------+-------++-------
  Melee: Hand axe          |    26 |       ||    26
         Unarmed           |     5 |       ||     5
         Dagger            |    14 |     8 ||    22
         Punch             |     1 |       ||     1
   Cast: Sting             |    48 |    15 ||    63
         Poisonous Vapours |       |     3 ||     3
         Slow              |       |     1 ||     1
    Use: Scroll            |     9 |     1 ||    10
         Potion            |       |     1 ||     1
 Armour: Robe              |    10 |     6 ||    16
  Dodge: Dodged            |    30 |     6 ||    36

Table legend: (Time is in decaauts)
 A = Elapsed time spent in this place.
 B = Non-inter-level travel time spent in this place.
 C = Inter-level travel time spent in this place.
 D = Time resting spent in this place.
 E = Time spent auto-exploring this place.
 F = Levels seen in this place.
 G = Mean time per level.
                   A        B        C        D        E       F      G
               +--------+--------+--------+--------+--------+-----+--------+
         Total |   2142 |    736 |   1406 |    194 |      0 |   3 |  714.0 |
       Dungeon |   2142 |    736 |   1406 |    194 |      0 |   3 |  714.0 |
               +--------+--------+--------+--------+--------+-----+--------+

Top non-repeatable levels by time:
     D:2: 906 daAuts
     D:1: 898 daAuts
     D:3: 338 daAuts
